 Dungeon Crawl Stone Soup version 0.30-a0-883-g5ad918d77d (webtiles) character file.

Game seed: 3912996894415900073

30 sircluck the Poker (level 3, 0/30 HPs)
             Began as a Minotaur Gladiator on Mar 15, 2023.
             Slain by an adder (1 damage)
             ... on level 2 of the Dungeon.
             The game lasted 00:02:58 (1111 turns).

sircluck the Poker (Minotaur Gladiator)             Turns: 1111, Time: 00:02:59

Health: 0/30       AC:  3    Str: 20    XL:     3   Next: 3%
Magic:  2/2        EV: 12    Int:  5    God:
Gold:   43         SH:  0    Dex: 11    Spells: 2/2 levels left

rFire   . . .      SeeInvis .    a - +0 trident
rCold   . . .      Faith    .    (no shield)
rNeg    . . .      Spirit   .    b - +0 leather armour
rPois   .          Reflect  .    c - +0 hat
rElec   .          Rampage  .    (no cloak)
rCorr   .                        (no gloves)
Will    .....                    (no boots)
Stlth   +                        (no amulet)
HPRegen 0.25/turn                (no ring)
MPRegen 0.08/turn                (no ring)

@: lethally poisoned (0 -> -1)
A: horns 2, retaliatory headbutt
a: no special abilities


You were on level 2 of the Dungeon.
You visited 1 branch of the dungeon, and saw 2 of its levels.

You collected 43 gold pieces.

Inventory:

Hand Weapons
 a - a +0 trident (weapon)
Missiles
 d - 2 throwing nets (quivered)
 e - a javelin
Armour
 b - a +0 leather armour (worn)
 c - a +0 hat (worn)
 k - a +0 pair of boots
Scrolls
 f - 2 scrolls of identify {unknown}
 h - a scroll of brand weapon {unknown}
 i - a scroll of vulnerability {unknown}
Potions
 g - a potion of might {unknown}
 j - a potion of resistance {unknown}


   Skills:
 + Level 2.8 Fighting
 + Level 4.2 Polearms
 + Level 2.2 Throwing
 + Level 3.8 Dodging


You had 2 spell levels left.
You didn't know any spells.
Your spell library contained the following spells:

 Spells                   Type           Power      Damage    Failure   Level
 Beastly Appendage        Tmut           0%         N/A       54%         1
 Wereblood                Tmut           0%         N/A       67%         2
 Spider Form              Tmut/Pois      0%         N/A       88%         3


Dungeon Overview and Level Annotations

Branches:
Dungeon (2/15)

Altars:


Innate Abilities, Weirdness & Mutations

You have a pair of horns on your head.
You reflexively headbutt those who attack you in melee.


Message History

The dart slug launches a dart at you. The slug dart misses you.
The dart slug misses you. The dart slug closely misses you.
The dart slug bites you but does no damage.
The dart slug launches a dart at you. The slug dart misses you.
The dart slug barely misses you. You furiously retaliate!
You headbutt the dart slug.
You kill the dart slug!
You have reached level 3!
Your experience leads to an increase in your attributes!
Increase (S)trength, (I)ntelligence, or (D)exterity?
You feel stronger. x2
An adder comes into view.
The adder hisses angrily.
Found a green potion, a barding and a leather armour.
The adder barely misses you. The adder misses you. You furiously retaliate!
You headbutt the adder, but do no damage.
The adder closely misses you. The adder bites you.
* * * LOW HITPOINT WARNING * * *
The adder barely misses you. The adder closely misses you.
The adder closely misses you. x2
The adder closely misses you. The adder closely misses you.
The adder barely misses you. You furiously retaliate!
You headbutt the adder, but do no damage.
The adder bites you.
* * * LOW HITPOINT WARNING * * *
You are poisoned.
The adder poisons you!
You feel sick. The adder closely misses you. You furiously retaliate!
You headbutt the adder!
You feel sick. The adder bites you.
* * * LOW HITPOINT WARNING * * *
* * * LOW HITPOINT WARNING * * *
You feel sick. The adder bites you.
You die...

#######[# #....##.#####
#:...##.#...# #
#....##[#.#.# #.
#....##!#...####
#.####....##.#......+
#....)..†.##..[...#
#<.........S@...#
#.......?.........#
#....#...........##
#....#..#.#.......#
#.......#.......#...
......................
#.........#...#.........
#######..###....#.#.....


You could see an adder.

Vanquished Creatures
  2 dart slugs
  2 ball pythons (D:1)
  An endoplasm (D:1)
  3 giant cockroaches (D:1)
  2 goblins
  A hobgoblin (D:1)
  3 jackals (D:1)
  2 quokkas (D:1)
  3 bats (D:1)
  A frilled lizard (D:1)
  A kobold (D:1)
  3 rats (D:1)
24 creatures vanquished.

Notes
Turn   | Place    | Note
-------+----------+-------------------------------------------
     0 | D:1      | sircluck the Minotaur Gladiator began the quest for the
                  | Orb.
     0 | D:1      | Reached XP level 1. HP: 18/18 MP: 0/0
     6 | D:1      | Noticed a ragged hierophant
     6 | D:1      | Noticed a tyrant leech
     6 | D:1      | Noticed an iguana
     7 | D:1      | Noticed an ettin
   121 | D:1      | Reached XP level 2. HP: 25/25 MP: 1/1
   192 | D:1      | Reached skill level 4 in Polearms
  1095 | D:2      | Reached XP level 3. HP: 6/30 MP: 2/2
  1111 | D:2      | HP: 1/30 [poisoned by an adder]
  1111 | D:2      | Slain by an adder

Illustrated notes

Levels and vault maps discovered:
D:1:      onia_arrival_zoo_common, layout_loops_corners
D:2:      layout_basic, ebering_ecumenical_altar_webs

Skill      XL: |  1  2 |
---------------+-------+-----
Polearms       | 4 |  4.2
Fighting       | |  2.8
Throwing       | |  2.2
Dodging        | |  3.8

Action                     || total
---------------------------++-------
  Melee: Trident           ||    39
         Headbutt          ||     3
         Punch             ||     2
  Throw: Throwing net      ||     2
 Armour: Leather armour    ||    22
  Dodge: Dodged            ||    91

Table legend: (Time is in decaauts)
 A = Elapsed time spent in this place.
 B = Non-inter-level travel time spent in this place.
 C = Inter-level travel time spent in this place.
 D = Time resting spent in this place.
 E = Time spent auto-exploring this place.
 F = Levels seen in this place.
 G = Mean time per level.
                   A        B        C        D        E       F      G
               +--------+--------+--------+--------+--------+-----+--------+
         Total |   1114 |   1044 |     70 |      0 |    693 |   2 |  557.0 |
       Dungeon |   1114 |   1044 |     70 |      0 |    693 |   2 |  557.0 |
               +--------+--------+--------+--------+--------+-----+--------+

Top non-repeatable levels by time:
     D:1: 945 daAuts
     D:2: 168 daAuts
